 Dungeon Crawl Stone Soup version 0.23.1 (webtiles) character file.

Game seed: 13183141234356624592

111 Kairos the Sneak (level 4, 23/23 HPs)
             Began as a Vine Stalker Assassin on Mar 17, 2019.
             Quit the game on level 2 of the Dungeon.
             The game lasted 00:02:04 (1860 turns).

Kairos the Sneak (Vine Stalker Assassin)            Turns: 1860, Time: 00:02:04

Health: 23/23      AC:  6    Str: 19    XL:     4   Next: 92%
Magic:  5/5        EV: 11    Int: 11    God:
Gold:   80         SH:  0    Dex: 16    Spells: 3/3 levels left

rFire    . . .     SeeInvis .   a - +2 dagger
rCold    . . .     Gourm    .   (no shield)
rNeg     . . .     Faith    .   j - +0 ring mail (curse)
rPois    .         Spirit   +   (no helmet)
rElec    .         Reflect  .   d - +0 cloak
rCorr    .         Harm     .   (no gloves)
MR       .....                  (no boots)
Stlth    +++.......             (no amulet)
HPRegen  0.47/turn              (no ring)
MPRegen  0.09/turn              (no ring)

@: mighty
A: fangs 2, regeneration 1, magic shield, antimagic bite, no potion heal 3, rot
immunity
a: no special abilities


You were on level 2 of the Dungeon.
You were very hungry.

You visited 1 branch of the dungeon, and saw 2 of its levels.

You collected 80 gold pieces.

Inventory:

Hand Weapons
 a - a +2 dagger (weapon)
 b - a +0 blowgun
Missiles
 e - 8 poisoned needles
 f - 2 curare-tipped needles
Armour
 c - a +0 robe
 d - a +0 cloak (worn)
 j - a cursed +0 ring mail (worn)
Potions
 h - a potion of lignification
Comestibles
 g - 3 rations


   Skills:
 + Level 2.1 Fighting
 + Level 2.7 Short Blades
 + Level 1.9 Throwing
 + Level 0.8 Armour
 + Level 1.1 Dodging
 + Level 6.3 Stealth


You had 3 spell levels left.
You didn't know any spells.
Your spell library was empty.

Dungeon Overview and Level Annotations

Branches:
Dungeon (2/15)

Altars:


Innate Abilities, Weirdness & Mutations

You have extremely sharp teeth.
Your natural rate of healing is unusually fast.
When hurt, damage is shared between your health and your magic reserves.
Your bite disrupts and absorbs the magic of your enemies.
Potions cannot restore your health.
You are immune to rotting.


Message History

a +0 club; a hobgoblin corpse
There is a stone staircase leading down here.
Found a spear.
You see here a spear.
You are feeling very hungry.
You see here a spear.
No target in view!
No target in view!
No target in view!
No target in view!
No target in view!
As you read the scroll labeled NELEICLULE, it crumbles to dust.
It is a scroll of amnesia.
You feel forgetful for a moment.
As you read the scroll labeled JOCOPU HOPPUQ, it crumbles to dust.
It is a scroll of identify.
h - a potion of lignification It was a potion of might.
You feel very mighty all of a sudden.
Are you sure you want to abandon this character and quit the game? (Confirm with "yes".)

#.# ##.## ##.###..#
#.# # #.###.#.####.#
#..# #.#
#....###.....# #..#
#.# #####.#.######
#..# #.#
#.#########..#####.#
#..##..>........##.#
##.##.#####..#...#.#
#.##.# #)...#...#
#.##@# ##.#...#####
#.##.######.##.## #..
#.##.....#...### #.#
#.##########...####.#
#.# ###...##<# ###.#
##...#.# #...#
###...##†# #.###
###...####.# #.#
#...### #.#


There were no monsters in sight!

Vanquished Creatures
  5 adders (D:2)
  An ooze (D:1)
  An adder skeleton (D:2)
  3 worms (D:2)
  2 dart slugs (D:2)
  3 orcs (D:2)
  7 bats
  2 giant cockroaches
  7 goblins
  5 hobgoblins
  2 kobolds (D:1)
  A quokka (D:2)
  A frilled lizard (D:1)
  7 rats
47 creatures vanquished.

Notes
Turn   | Place    | Note
-------+----------+-------------------------------------------
     0 | D:1      | Kairos the Vine Stalker Assassin began the quest for the
                  | Orb.
     0 | D:1      | Reached XP level 1. HP: 11/11 MP: 2/2
    64 | D:1      | Reached skill level 5 in Stealth
   159 | D:1      | Reached XP level 2. HP: 14/15 MP: 3/3
   713 | D:2      | Reached XP level 3. HP: 6/18 MP: 2/4
   936 | D:2      | Reached skill level 6 in Stealth
  1217 | D:2      | Gained mutation: Your natural rate of healing is unusually
                  | fast. [Vine Stalker growth]
  1217 | D:2      | Reached XP level 4. HP: 16/23 MP: 3/5
  1339 | D:2      | Reached skill level 1 in Dodging
  1860 | D:2      | Quit the game

Skill      XL: |  1  2  3  4 |
---------------+-------------+-----
Stealth        | 5 6 |  6.3
Short Blades   | 2 |  2.7
Fighting       | 2 |  2.1
Dodging        | 1 |  1.1
Throwing       | |  1.9
Armour         | |  0.8

Action                   |  1- 3 |  4- 6 || total
-------------------------+-------+-------++-------
Melee: Dagger            |    85 |    53 ||   138
       Bite              |    21 |    16 ||    37
  Use: Scroll            |       |     2 ||     2
       Potion            |       |     1 ||     1
 Stab: Sleeping          |     4 |     4 ||     8
  Eat: Chunk             |       |     2 ||     2
Armor: Robe              |     9 |       ||     9
       Ring mail         |    30 |    17 ||    47
Dodge: Dodged            |    43 |    25 ||    68
